 Dungeon Crawl Stone Soup version 0.18.1-50-g88ac8fd (webtiles) character file.

4412 magog001 the Fighter (level 10, -10/99 HPs)
             Began as a Minotaur Fighter on Feb 19, 2017.
             Mangled by a seven-headed hydra (14 damage)
             ... on level 8 of the Dungeon.
             The game lasted 00:55:37 (8878 turns).

magog001 the Fighter (Minotaur Fighter)             Turns: 8878, Time: 00:55:38

Health: -10/99     AC:  8    Str: 33    XL:     10   Next: 14%
Magic:  0/9        EV: 14    Int:  2    God:
Gold:   275        SH: 12    Dex: 10    Spells: 0 memorised, 9 levels left

rFire  . . .     SeeInvis .     r - +5 dagger (venom)
rCold  + . .     Gourm    .     H - +3 leather armour {rC+}
rNeg   . . .     Faith    .     F - +0 shield
rPois  .         Spirit   +     (helmet unavailable)
rElec  +         Dismiss  .     G - +0 cloak
rCorr  .         Reflect  .     (no gloves)
SustAt .         Harm     .     (no boots)
MR     +....     Rnd*Rage +     L - amulet of Geuppod {Spirit rElec Str+9 Int-3 Stlth+}
Stlth  +++.......               s - ring of protection from magic
                                t - ring of wizardry

@: somewhat resistant to hostile enchantments, fairly stealthy
A: retaliatory headbutt, horns 3, berserk 1, robust 1
a: no special abilities


You were on level 8 of the Dungeon.
You were hungry.

You visited 2 branches of the dungeon, and saw 9 of its levels.
You also visited: Sewer.

You collected 363 gold pieces.
You spent 88 gold pieces at shops.

Inventory:

Hand Weapons
 r - a +5 dagger of venom (weapon)
 v - a cursed +0 blowgun
 w - a +0 hunting sling
 I - a +2 war axe of chopping
Missiles
 h - 79 sling bullets
 m - 19 tomahawks (quivered)
 J - 33 poisoned needles
Armour
 F - a +0 shield (worn)
 G - a +0 cloak (worn)
 H - a +3 leather armour of cold resistance (worn)
Jewellery
 s - a ring of protection from magic (right hand)
 t - a ring of wizardry (left hand)
 L - the amulet of Geuppod (around neck) {Spirit rElec Str+9 Int-3 Stlth+}
   (You found it on level 8 of the Dungeon)

   [amulet of guardian spirit]

   It causes incoming damage to be split between your health and magic.
   It affects your strength (+9).
   It affects your intelligence (-3).
   It insulates you from electricity.
   It makes you more stealthy.
Wands
 e - a wand of acid (12/15)
 D - a wand of iceblast (3/15)
Scrolls
 b - 5 scrolls of remove curse
 g - 2 scrolls of random uselessness
 o - 2 scrolls of identify
 p - 2 scrolls of teleportation
 y - a scroll of immolation
 z - 2 scrolls of fog
 B - a scroll of amnesia
Potions
 d - 2 potions of might
 i - 2 potions of berserk rage
 l - 4 potions of agility
 n - 9 potions of curing
 u - 2 potions of flight
Comestibles
 f - 6 bread rations
 k - 6 meat rations
 x - a beef jerky
 A - 3 slices of pizza
 E - a fruit


   Skills:
 * Level 8.8 Fighting
 * Level 7.2 Short Blades
 + Level 3.0 Axes
 + Level 0.2 Throwing
 + Level 5.7 Armour
 + Level 8.3 Dodging
 + Level 2.8 Stealth
 + Level 8.6 Shields


You had 9 spell levels left.
You didn't know any spells.

Dungeon Overview and Level Annotations

Branches:
Dungeon (8/15)             Temple (0/1) D:5            Lair (1/8) D:8

Altars:
Kikubaaqudgha
Ru
Sif Muna
The Shining One

Shops:
D:6 (:   D:7 (


Innate Abilities, Weirdness & Mutations

You reflexively headbutt those who attack you in melee.
You have a pair of large horns on your head.
You tend to lose your temper in combat.
You are robust (+10% HP).


Message History

You furiously retaliate!
You headbutt the seven-headed hydra! The seven-headed hydra bites you!
* * * LOW HITPOINT WARNING * * *
The seven-headed hydra bites you but does no damage.
The seven-headed hydra closely misses you.
The seven-headed hydra bites you!
* * * LOW HITPOINT WARNING * * *
You block the seven-headed hydra's attack.
The seven-headed hydra bites you.
* * * LOW HITPOINT WARNING * * *
Drink which item? (? for menu, Esc to quit)
You feel much better.
You block the seven-headed hydra's attack.
The seven-headed hydra bites you!
* * * LOW HITPOINT WARNING * * *
You block the seven-headed hydra's attack.
The seven-headed hydra bites you!
* * * LOW HITPOINT WARNING * * *
The seven-headed hydra bites you!
You die...

# ####.### ### # ###......###
##### # ########....P)PP..##
#.... ####....##....P.......#
#.### ........##.......P...P##
#.# ####....#.P.P.P.P.P.P..#
#.###
####...PP.P#'##.PPP.######....
#....(..#D.#P.P.....).(..((
#.#..P..#[@#..PP..#####....
#.#.P.P.####P....## #####
#...)P...P.PP....# #
###.(.PPP...P...## #
##...P.P.P....# #
####.()....P..## #
#.....(......## #
#(.....(.....# ####### ###
#........(...# #.....#


You could see a seven-headed hydra.

Vanquished Creatures
  A komodo dragon (D:8)
  Grinder (D:6)
  A troll (D:8)
  2 yaks (D:8)
  A hippogriff (D:7)
  A hungry ghost (D:8)
  Edmund (D:6)
  An ice beast (D:7)
  A black bear (D:8)
  2 orc warriors
  2 sky beasts
  An eye of draining (D:8)
  2 necrophages (D:7)
  A centaur (D:7)
  7 ogres
  A crocodile (D:8)
  Blork the orc (D:6)
  3 big kobolds
  2 giant frogs (D:6)
  2 scorpions (D:8)
  A wyvern skeleton (D:8)
  5 killer bees (D:7)
  2 crimson imps
  An orc priest (D:7)
  2 hounds
  A giant frog skeleton (D:6)
  2 quasits
  A centaur skeleton (D:7)
  2 orc wizards (D:7)
  Crazy Yiuf (D:6)
  An iguana (D:5)
  A hound zombie (D:7)
  A hound skeleton (D:4)
  Robin (D:2)
  4 gnolls
  A howler monkey skeleton (D:4)
  9 adders
  2 river rats (D:8)
  An adder zombie (D:5)
  2 worms
  A dart slug (D:1)
  7 giant geckos
  8 orcs
  5 giant cockroaches
  19 goblins
  7 hobgoblins
  15 jackals
  A ball python (D:5)
  14 bats
  A giant gecko skeleton (D:4)
  13 giant newts
  37 kobolds
  A quokka skeleton (D:7)
  26 rats
  A plant (D:8)
231 creatures vanquished.

Vanquished Creatures (others)
  An orc (D:6)
  2 fungi (D:8)
3 creatures vanquished.

Grand Total: 234 creatures vanquished

Notes
Turn   | Place    | Note
--------------------------------------------------------------
     0 | D:1      | magog001 the Minotaur Fighter began the quest for the Orb.
     0 | D:1      | Reached XP level 1. HP: 19/19 MP: 0/0
   184 | D:1      | Reached XP level 2. HP: 25/27 MP: 1/1
   575 | D:1      | Reached XP level 3. HP: 26/33 MP: 2/2
  1463 | D:2      | Noticed Robin
  1520 | D:2      | Killed Robin
  1520 | D:2      | Reached XP level 4. HP: 19/40 MP: 3/3
  1974 | D:2      | Reached skill level 1 in Dodging
  2028 | D:2      | Found a glowing golden altar of the Shining One.
  2496 | D:3      | Noticed an ogre
  2503 | D:3      | Killed an ogre
  2503 | D:3      | Reached skill level 1 in Short Blades
  2503 | D:3      | Reached skill level 5 in Shields
  2503 | D:3      | Reached XP level 5. HP: 23/47 MP: 4/4
  3294 | D:4      | Found a glowing drain.
  3311 | Sewer    | Entered a sewer
  3374 | Sewer    | Reached skill level 5 in Armour
  3374 | Sewer    | Reached XP level 6. HP: 50/53 MP: 5/5
  3401 | Sewer    | Found a white marble altar of Elyvilon.
  3601 | D:4      | Gained mutation: You are robust (+10% HP). [potion of mutation]
  3601 | D:4      | Gained mutation: You have a pair of large horns on your head. [potion of mutation]
  3601 | D:4      | Gained mutation: You tend to lose your temper in combat. [potion of mutation]
  4213 | D:4      | Found a sacrificial altar of Ru.
  4213 | D:4      | Found an ancient bone altar of Kikubaaqudgha.
  4502 | D:5      | Entered Level 5 of the Dungeon
  4615 | D:5      | Reached skill level 1 in Stealth
  4749 | D:5      | Reached skill level 5 in Fighting
  4756 | D:5      | Reached XP level 7. HP: 62/67 MP: 6/6
  4875 | D:5      | Found a staircase to the Ecumenical Temple.
  5085 | D:5      | Found a deep blue altar of Sif Muna.
  5132 | D:6      | Noticed Blork the orc
  5144 | D:6      | Killed Blork the orc
  5205 | D:6      | Noticed Edmund
  5222 | D:6      | Killed Edmund
  5230 | D:6      | Reached skill level 5 in Dodging
  5456 | D:6      | Found Inenawiasi's Book Shop.
  5484 | D:6      | Found Woelon's Antique Weapon Shoppe.
  5518 | D:6      | Noticed Grinder
  5533 | D:6      | Killed Grinder
  5533 | D:6      | Reached XP level 8. HP: 37/77 MP: 7/7
  6105 | D:6      | Bought a runed morningstar for 88 gold pieces
  6205 | D:6      | Noticed Crazy Yiuf
  6212 | D:6      | Paralysed by Crazy Yiuf for 3 turns
  6216 | D:6      | Killed Crazy Yiuf
  6784 | D:7      | Found Mus Soad's Antique Weapon Emporium.
  7015 | D:7      | Reached XP level 9. HP: 85/86 MP: 8/8
  7061 | D:7      | Reached skill level 5 in Short Blades
  7361 | D:8      | Noticed a troll
  7375 | D:8      | Killed a troll
  7886 | D:8      | Found a staircase to the Lair.
  7886 | D:8      | Noticed a komodo dragon
  7894 | D:8      | Killed a komodo dragon
  7941 | D:8      | Reached XP level 10. HP: 74/99 MP: 9/9
  8353 | D:8      | Got a heavily runed crystal amulet
  8856 | D:8      | Identified the amulet of Geuppod {Spirit rElec Str+9 Int-3 Stlth+} (You found it on level 8 of the Dungeon)
  8864 | Lair:1   | Entered Level 1 of the Lair of Beasts
  8864 | Lair:1   | Noticed a seven-headed hydra
  8878 | D:8      | HP: 4/99 [seven-headed hydra (16)]
  8878 | D:8      | Mangled by a seven-headed hydra

Skill      XL: |  1  2  3  4  5  6  7  8  9 10 |
---------------+-------------------------------+-----
Shields        | 4 5 6 7 8 |  8.6
Fighting       | 4 5 7 8 |  8.8
Armour         | 4 5 |  5.7
Dodging        | 2 4 5 6 8 |  8.3
Short Blades   | 1 2 3 4 6 7 |  7.2
Stealth        | 1 2 |  2.8
Axes           | 3 |  3.0
Throwing       | |  0.2

Action                   |  1- 3 |  4- 6 |  7- 9 | 10-12 || total
-------------------------+-------+-------+-------+-------++-------
Melee: War axe           |    53 |       |     6 |       ||    59
       Headbutt          |    18 |    27 |    56 |    15 ||   116
       Dagger            |    72 |   143 |   250 |    87 ||   552
       Morningstar       |       |       |     9 |       ||     9
Throw: Tomahawk          |       |       |       |     3 ||     3
  Use: Scroll            |       |    16 |     5 |     4 ||    25
       Potion            |       |     4 |       |     4 ||     8
 Stab: Sleeping          |       |       |       |     2 ||     2
  Eat: Beef jerky        |     1 |       |       |       ||     1
       Chunk             |       |     8 |     2 |       ||    10
       Meat ration       |       |     1 |     1 |       ||     2
       Pizza             |       |       |     1 |       ||     1
       Royal jelly       |       |       |     1 |       ||     1
       Bread ration      |       |       |     1 |     1 ||     2
Armor: Scale mail        |    45 |     1 |       |       ||    46
       Leather armour    |       |    23 |    56 |    17 ||    96
Dodge: Dodged            |    41 |    45 |   104 |    39 ||   229
Block: Shield            |    72 |    65 |   125 |    50 ||   312
